 Dungeon Crawl Stone Soup version 0.21-a0-26-g7b23a2f (webtiles) character file.

281 Alarkh the Chopper (level 6, -8/44 HPs)
             Began as a Demonspawn Skald on May 25, 2017.
             Mangled by Eustachio
             ... wielding a +4 falchion of electrocution
              (15 damage)
             ... on level 4 of the Dungeon.
             The game lasted 00:05:56 (5442 turns).

Alarkh the Chopper (Demonspawn Skald)               Turns: 5442, Time: 00:05:57

Health: -8/44      AC:  9    Str: 11    XL:     6   Next: 6%
Magic:  7/9        EV: 14    Int: 16    God:
Gold:   78         SH:  0    Dex: 13    Spells: 2/9 levels left

rFire    . . .     SeeInvis .   a - +0 war axe
rCold    . . .     Gourm    .   (no shield)
rNeg     . . .     Faith    .   b - +0 leather armour
rPois    .         Spirit   .   (no helmet)
rElec    .         Reflect  .   (no cloak)
rCorr    .         Harm     .   (no gloves)
MR       .....     Rnd*Tele +   (no boots)
Stlth    +.........             (no amulet)
Regen    0.2/turn               r - ring of teleportation (curse)
MPRegen  0.2/turn               v - +6 ring of protection

@: no status effects
A: claws 1, repulsion field 1, powered by death 1
a: no special abilities


You were on level 4 of the Dungeon.
You were not hungry.

You visited 1 branch of the dungeon, and saw 4 of its levels.

You collected 78 gold pieces.

Inventory:

Hand Weapons
 a - a +0 war axe (weapon)
 p - a +0 hand axe
Armour
 b - a +0 leather armour (worn)
Jewellery
 r - a cursed ring of teleportation (left claw)
 v - a +6 ring of protection (right claw)
Scrolls
 e - a scroll of amnesia {unknown}
 f - a scroll of magic mapping {unknown}
 g - a scroll of blinking {unknown}
 h - a scroll of fog {unknown}
 i - a scroll of identify {unknown}
 l - a scroll of teleportation {unknown}
 m - a scroll of recharging
 o - a scroll of remove curse {unknown}
 s - a scroll of enchant weapon {unknown}
Potions
 k - 3 potions of haste {unknown}
 n - a potion of might {unknown}
 q - 2 potions of curing
Books
 c - a book of Battle

   Spells                             Type                      Level
   a - Infusion                       Charms                       1
   b - Shroud of Golubria             Charms/Translocation         2
   c - Song of Slaying                Charms                       2
   d - Spectral Weapon                Hexes/Charms                 3
   e - Regeneration                   Charms/Necromancy            3
 j - a book of Misfortune

   Spells                             Type                      Level
   a - Confusing Touch                Hexes                        1
   b - Confuse                        Hexes                        3
   c - Gell's Gravitas                Translocation                3
   d - Petrify                        Transmutation/Earth          4
   e - Metabolic Englaciation         Hexes/Ice                    5
   f - Yara's Violent Unravelling     Hexes/Transmutation          5
Comestibles
 d - 4 bread rations
 t - a meat ration
 u - 14 fruits
 w - a chunk of flesh


   Skills:
 - Level 2.0 Fighting
 * Level 5.5 Axes
 - Level 0.8 Armour
 - Level 1.7 Dodging
 + Level 2.2 Spellcasting
 + Level 3.0 Charms


You had 2 spell levels left.
You knew the following spells:

 Your Spells              Type           Power        Failure   Level  Hunger
a - Spectral Weapon       Hex/Chrm       #.......     38%         3    ###....
b - Regeneration          Chrm/Necr      #.........   38%         3    ###....
c - Infusion              Chrm           ##..         8%          1    #......


Dungeon Overview and Level Annotations

Branches:
Dungeon (4/15)
 Temple: D:4-7

Altars:
Hepliaklqana

Annotations:
D:4 Eustachio


Innate Abilities, Weirdness & Mutations

You have sharp fingernails.
You are surrounded by a mild repulsion field. (EV +2)
You regenerate a little health from kills.


Message History

You closely miss Eustachio.
Eustachio is moderately wounded.
You hit the shadow imp.
The shadow imp hits you but does no damage.
Eustachio screams, "This atrocity can only be purified with blood!"
Eustachio closely misses you.
You slash Eustachio!
Eustachio is heavily wounded.
You hit the shadow imp.
You kill the shadow imp!
Eustachio hits you with a falchion of electrocution.
You are electrocuted!
You barely miss Eustachio.
Eustachio is heavily wounded.
You closely miss Eustachio.
Eustachio is almost dead.
Eustachio hits you with a falchion of electrocution!
* * * LOW HITPOINT WARNING * * *
You are electrocuted!
You die...

........##.............
............##......#
...........##......##
...............#...#
..............##...#
#.......##...##....#
##......#####.#....#
##....## .......#
#..(@# ........#
#.....@# #........#
...####.. ..#.....##
.## .... #.###....#
.<... #...... ....##..
....# ..#


You could see Eustachio and a friendly spectral war axe.

Vanquished Creatures
  An orc wizard (D:3)
  An iguana (D:4)
  8 adders
  4 gnolls (D:2)
  2 worms
  A dart slug (D:1)
  2 leopard geckos
  4 orcs (D:3)
  14 bats
  3 giant cockroaches (D:3)
  14 goblins
  9 hobgoblins
  7 jackals
  12 kobolds
  3 quokkas
  A ball python skeleton (D:4)
  5 frilled lizards
  A leopard gecko skeleton (D:4)
  8 rats
  A bush (D:1)
101 creatures vanquished.

Notes
Turn   | Place    | Note
-------+----------+-------------------------------------------
     0 | D:1      | Alarkh the Demonspawn Skald began the quest for the Orb.
     0 | D:1      | Reached XP level 1. HP: 16/16 MP: 3/3
    80 | D:1      | Reached skill level 2 in Axes
   182 | D:1      | Gained mutation: You are surrounded by a mild repulsion field. (EV +2) [demonic ancestry]
   182 | D:1      | Reached XP level 2. HP: 15/22 MP: 1/5
  1382 | D:2      | Reached skill level 3 in Axes
  1472 | D:2      | Found a hazy altar of Hepliaklqana.
  1479 | D:2      | Gained mutation: You have sharp fingernails. [demonic ancestry]
  1479 | D:2      | Reached XP level 3. HP: 20/27 MP: 6/6
  2659 | D:1      | Learned a level 3 spell: Regeneration
  2755 | D:2      | Reached skill level 4 in Axes
  2755 | D:2      | Reached XP level 4. HP: 26/33 MP: 4/7
  3349 | D:2      | Gained mutation: You regenerate a little health from kills. [demonic ancestry]
  3349 | D:2      | Reached XP level 5. HP: 29/38 MP: 8/8
  3833 | D:3      | Reached skill level 5 in Axes
  3948 | D:3      | Learned a level 3 spell: Spectral Weapon
  5278 | D:4      | Reached XP level 6. HP: 36/44 MP: 6/9
  5343 | D:4      | Noticed Eustachio
  5442 | D:4      | Mangled by Eustachio

Vault maps used:
D:1:      moated_graveyard_arrival, serial_forest, infiniplex_forest_lined_ring,
          infiniplex_forest_clump_curved, infiniplex_forest_clump_medium,
          infiniplex_forest_lined_2, infiniplex_forest_corner_2,
          infiniplex_forest_clump_double, infiniplex_forest_pool,
          infiniplex_forest_end_2, infiniplex_forest_lined_3_way,
          infiniplex_forest_clump_tiny
D:2:      kennysheep_the_goblin_king, nicolae_overflow_crystal_walls
D:3:      first_bread, dk_vineyard_1
D:4:      minmay_temple_entry_poolview, uniq_pikel, uniq_eustachio, uniq_ijyb

Skill      XL: |  1  2  3  4  5 |
---------------+----------------+-----
Axes           | 2 3 4 5 |  5.5
Charms         | 3 |  3.0
Fighting       | |  2.0
Armour         | |  0.8
Dodging        | |  1.7
Spellcasting   | |  2.2

Action                   |  1- 3 |  4- 6 || total
-------------------------+-------+-------++-------
Melee: Hand axe          |   265 |       ||   265
       War axe           |    28 |   193 ||   221
 Cast: Infusion          |    17 |    10 ||    27
       Spectral Weapon   |       |     3 ||     3
  Use: Potion            |       |     4 ||     4
       Scroll            |       |     1 ||     1
  Eat: Chunk             |     7 |    10 ||    17
Armor: Leather armour    |    45 |    58 ||   103
Dodge: Dodged            |   135 |   182 ||   317
